 Dungeon Crawl Stone Soup version 0.31-a0-233-g139696dc86 (webtiles) character file.

Game seed: 1596953504469622459

483 Morbidden the Conjurer (level 7, -7/45 HPs)
             Began as an Octopode Conjurer on July 8, 2023.
             Was an Initiate of Yredelemnul.
             Killed from afar by Dowan (19 damage)
             ... with a shard of ice
             ... on level 4 of the Dungeon.
             The game lasted 00:05:13 (4261 turns).

Morbidden the Conjurer (Octopode Conjurer)          Turns: 4261, Time: 00:05:14

Health: -7/45      AC:  1    Str:  7    XL:     7   Next: 12%
Magic:  12/13      EV: 13    Int: 22    God:    Yredelemnul [......]
Gold:   312        SH:  0    Dex: 10    Spells: 11/14 levels left

rFire   . .          .
                       - Unarmed
rCold   + . .        (no shield)
rNeg    . . .        (helmet restricted)
rPois   .            o - amulet of magic regeneration
rElec   .            r - ring of protection from cold
rCorr   .            (no ring)
SInv    .            (no ring)
Will    .....        (no ring)
Stlth   +++          (no ring)
HPRegen 0.27/turn    (no ring)
MPRegen 0.53/turn    (no ring)
                     (no ring)

%: no passive effects
@: no status effects
A: almost no armour, amphibious, 8 rings, camouflage 1, gelatinous body 1,
(nimble swimmer 1), tentacles
a: Renounce Religion, Recall Undead Harvest


You were on level 4 of the Dungeon.
You worshipped Yredelemnul.
Yredelemnul was noncommittal.
You visited 1 branch of the dungeon, and saw 4 of its levels.
You also visited: Sewer.

You collected 312 gold pieces.

Inventory:

Missiles
 h - a throwing net
Jewellery
 o - an amulet of magic regeneration (around mantle)
 r - a ring of protection from cold (left tentacle)
 s - a ring of see invisible
 u - an amulet of the acrobat
Scrolls
 b - a scroll of fog {unknown}
 d - 4 scrolls of identify {unknown}
 j - 4 scrolls of teleportation {unknown}
 n - a scroll of noise {unknown}
Potions
 a - a potion of magic
 c - a potion of resistance {unknown}
 e - 2 potions of enlightenment {unknown}
 f - 2 potions of ambrosia {unknown}
 g - a potion of invisibility {unknown}
 i - 2 potions of heal wounds {unknown}
 k - a potion of haste {unknown}
 m - a potion of berserk rage
 p - a potion of might {unknown}
 q - 2 potions of mutation {unknown}
 t - a potion of cancellation {unknown}


   Skills:
 * Level 2.0 Fighting
 + Level 0.1 Throwing
 * Level 3.0 Dodging
 + Level 3.3 Stealth
 * Level 2.1 Unarmed Combat
 * Level 4.0 Spellcasting
 * Level 5.3 Conjurations
 * Level 2.1 Invocations


You had 11 spell levels left.
You knew the following spells:

 Your Spells              Type           Power      Damage    Failure   Level
a - Magic Dart            Conj           100%       1d8       1%          1
b - Searing Ray           Conj           56%        2d6       1%          2

Your spell library contained the following spells:

 Spells                   Type           Power      Damage    Failure   Level
 Necrotise                Necr           16%        1d4       11%         1
 Dazzling Flash           Conj/Hex       32%        N/A       11%         3
 Mephitic Cloud           Conj/Pois/Air  12%        N/A       16%         3
 Call Imp                 Summ           8%         N/A       17%         2
 Vampiric Draining        Necr           4%         2d6       32%         3
 Fulminant Prism          Conj/Hex       8%         3d7       36%         4
 Iskenderun's Mystic Bla  Conj/Tloc      16%        2d5       36%         4
 Agony                    Necr           4%         N/A       97%         5


Dungeon Overview and Level Annotations

Branches:
Dungeon (4/15)              Sewer (visited)
 Temple: D:4-7

Altars:
Ashenzari
Dithmenos
Elyvilon
Fedhas
Hepliaklqana
Kikubaaqudgha
Nemelex Xobeh
Ru
Vehumet
Xom
Yredelemnul

Annotations:
D:4 Dowan


Innate Abilities, Weirdness & Mutations

You cannot wear most types of armour.
You are amphibious.
You can wear up to eight rings at the same time.
Your skin changes colour to match your surroundings (Stealth+).
Your rubbery body absorbs attacks. (AC +1, EV +1)
((You are camouflaged when in or above water. (Stealth+)))
You have tentacles for arms and can constrict up to eight enemies at once.


Message History

Press: ? - help, Q - select action, (/) - cycle Shift-Dir - straight line, f/p - Duvessa
Aim: Duvessa, wielding a +0 rapier and wearing a +0 leather armour (heavily wounded, fast, 58% to hit)
You throw a curare-tipped dart. The curare-tipped dart hits Duvessa.
Duvessa is poisoned.
Duvessa convulses.
Duvessa seems to slow down.
Duvessa is almost dead.
Unknown command.
Throw: 2 darts (curare)
Press: ? - help, Q - select action, (/) - cycle Shift-Dir - straight line, f - Dowan, p - Duvessa
Aim: Dowan, wielding a +0 dagger and wearing a +0 robe (severely wounded, ally target, 41% to hit)
You throw a curare-tipped dart.
The curare-tipped dart barely misses Dowan.
You kill Duvessa!
Dowan screams, "No!
No!"
Dowan seems to find hidden reserves of power!
Dowan mumbles some strange words.
Dowan blinks!
Your Fighting skill increases to level 2!
Your Dodging skill increases to level 3!
Your Spellcasting skill increases to level 4!
Your Invocations skill increases to level 2!
You have reached level 7!
Unknown command.
Throw: dart (curare)
Press: ? - help, Q - select action, (/) - cycle Shift-Dir - straight line, f/p - Dowan
Aim: Dowan, wielding a +0 dagger and wearing a +0 robe (severely wounded, fast, ally target, 43% to hit)
You throw a curare-tipped dart. The curare-tipped dart hits Dowan.
Dowan is poisoned.
Dowan convulses.
Dowan seems to slow down.
Dowan is almost dead.
Dowan mumbles some strange words.
Dowan blinks!
Unknown command.
Unknown command.
Unknown command.
Unknown command.
Dowan gestures at you while chanting. The shard of ice hits you!!
You partially resist.
You die...
Your body rises from the dead as a mindless zombie.

#.##....# ##.########.
#.####### #.# #Z #.# #.#
#Z #)### ##+# #. #Z..#
##...## #. ###.# ##.....##
###. ##.## ##.......###...
##>.(####.........##.##
###..(Z.@.+.........'..#
#......Z.ยง#.........##.##
#.###.###.##(......###...
#.# #.# #.###.....## ####
#.# #.# #e# ##...## #.#
..# #.# ##'## ### #e#
#####.# #.# #.. #[. .....#
#.### #.# #.. #.#.#
##.#.## #.#


You could see Dowan (fast, very poisoned, slow, ally target), a friendly
endoplasm zombie and the friendly Edmund the human zombie.

Vanquished Creatures
  Edmund (D:4)
  Duvessa (D:4)
  Pargi (Sewer)
  Crazy Yiuf (D:2)
  3 gnolls (D:2)
  An adder (D:3)
  2 worms
  3 dart slugs (D:2)
  8 endoplasms
  5 giant cockroaches
  6 hobgoblins
  8 jackals
  3 quokkas
  4 ball pythons
  12 bats
  7 frilled lizards
  8 goblins
  7 kobolds
  13 rats
94 creatures vanquished.

Vanquished Creatures (collateral kills)
  A dart slug (D:1)
  A goblin (D:1)
  A jackal (D:3)
  A rat (D:2)
4 creatures vanquished.

Vanquished Creatures (others)
  A bat zombie (D:2)
  3 gnoll zombies (D:2)
  A ball python zombie (D:2)
  A dart slug zombie (D:2)
  3 endoplasm zombies
  A giant cockroach zombie (D:3)
  A goblin zombie (D:4)
  A hobgoblin zombie (D:2)
  A jackal zombie (D:4)
  A kobold zombie (D:4)
  3 rat zombies (D:2)
17 creatures vanquished.

Grand Total: 115 creatures vanquished

Notes
Turn   | Place    | Note
-------+----------+-------------------------------------------
     0 | D:1      | Morbidden the Octopode Conjurer began the quest for the
                  | Orb.
     0 | D:1      | Reached XP level 1. HP: 11/11 MP: 3/3
    28 | D:1      | Found a faded altar of an unknown god.
    42 | D:1      | Prayed at the altar of an unknown god.
    42 | D:1      | Became a worshipper of Yredelemnul the Dark
    86 | D:1      | Reached * piety under Yredelemnul
    90 | D:1      | Reached XP level 2. HP: 12/18 MP: 1/5
   194 | D:1      | Reached skill level 1 in Fighting
   413 | D:1      | Reached ** piety under Yredelemnul
   501 | D:1      | Reached skill level 1 in Unarmed Combat
   683 | D:1      | Reached XP level 3. HP: 23/23 MP: 3/6
   836 | D:1      | Learned a level 2 spell: Searing Ray
   917 | D:1      | Reached *** piety under Yredelemnul
  1165 | D:2      | Reached XP level 4. HP: 23/28 MP: 0/7
  1936 | D:2      | Identified the +5 whip of Irergh Falyid {heavy, rC- rCorr
                  | Str+3}
  2357 | D:2      | Found a runed translucent door.
  2358 | D:2      | Noticed Crazy Yiuf
  2421 | D:2      | Killed Crazy Yiuf
  2422 | D:2      | Reached XP level 5. HP: 33/33 MP: 3/9
  2574 | D:3      | Found a glowing drain.
  2598 | Sewer    | Entered a sewer
  2686 | Sewer    | Noticed Pargi
  2694 | Sewer    | Killed Pargi
  2695 | Sewer    | Reached skill level 5 in Conjurations
  2695 | Sewer    | Reached skill level 1 in Invocations
  2695 | Sewer    | Reached XP level 6. HP: 37/38 MP: 1/10
  2836 | D:3      | Found a shimmering altar of Xom.
  2838 | D:3      | Found a shimmering altar of Xom.
  2839 | D:3      | Found a shimmering altar of Xom.
  2911 | D:3      | Found a broken altar of Ashenzari.
  3027 | D:3      | Found a sparkling altar of Nemelex Xobeh.
  3122 | D:3      | Found a shadowy altar of Dithmenos.
  3351 | D:3      | Found a hazy altar of Hepliaklqana.
  3513 | D:3      | Found a radiant altar of Vehumet.
  3513 | D:3      | Found an ancient bone altar of Kikubaaqudgha.
  3514 | D:3      | Found a sacrificial altar of Ru.
  3571 | D:3      | Found a blossoming altar of Fedhas.
  3709 | D:4      | Noticed Edmund
  3737 | D:4      | Killed Edmund
  3870 | D:4      | Found a white marble altar of Elyvilon.
  4078 | D:4      | Identified the +0 ring mail of Qugo {rCorr Str+2 Int-4}
  4241 | D:4      | Noticed Duvessa
  4243 | D:4      | Noticed Dowan
  4259 | D:4      | Killed Duvessa
  4260 | D:4      | Reached XP level 7. HP: 12/45 MP: 11/13
  4261 | D:4      | Killed from afar by Dowan

Illustrated notes

Levels and vault maps discovered:
D:1:      ncdulo_smallfort, layout_loops_ring, chequers_ecumenical_altar_twisty
D:2:      minmay_chambers_of_twos, layout_basic, uniq_crazy_yiuf_cottage
D:3:      layout_loops_ring, lemuel_tele_altar, fedhas_altar_fruit_tree,
          nicolae_hepliaklqana_hippocampus, minitemple, lemuel_doored_altar,
          xom_redecorated, portal_sewer_entry_a
D:4:      layout_loops_corners, nicolae_elyvilon_temple_path, uniq_edmund,
          uniq_duvessa

Skill      XL: |  1  2  3  4  5  6 |
---------------+-------------------+-----
Fighting       | 1 2 |  2.0
Unarmed Combat | 1 2 |  2.1
Stealth        | 3 |  3.3
Spellcasting   | 3 4 |  4.0
Conjurations   | 5 |  5.3
Invocations    | 1 2 |  2.1
Dodging        | 3 |  3.0
Throwing       | |  0.1

Action                     |  1- 3 |  4- 6 |  7- 9 || total
---------------------------+-------+-------+-------++-------
  Melee: Unarmed           |    33 |    19 |       ||    52
         Tentacles         |    10 |     7 |       ||    17
         Constrict         |     7 |     5 |       ||    12
         Punch             |       |     1 |       ||     1
  Throw: Dart              |       |     6 |     1 ||     7
   Cast: Magic Dart        |    37 |    94 |       ||   131
         Searing Ray       |     2 |    12 |       ||    14
 Invoke: Recall Undead Har |       |     1 |       ||     1
 Armour: Skin              |     5 |     3 |       ||     8
  Dodge: Dodged            |    19 |    20 |       ||    39

Table legend: (Time is in decaauts)
 A = Elapsed time spent in this place.
 B = Non-inter-level travel time spent in this place.
 C = Inter-level travel time spent in this place.
 D = Time resting spent in this place.
 E = Time spent auto-exploring this place.
 F = Levels seen in this place.
 G = Mean time per level.
                   A        B        C        D        E       F      G
               +--------+--------+--------+--------+--------+-----+--------+
         Total |   4258 |   4124 |    134 |      0 |   3560 |   5 |  851.6 |
       Dungeon |   4113 |   3979 |    134 |      0 |   3481 |   4 | 1028.2 |
         Sewer |    144 |    144 |      0 |      0 |     79 |   1 |  144.0 |
               +--------+--------+--------+--------+--------+-----+--------+

Top non-repeatable levels by time:
     D:2: 1434 daAuts
     D:1: 1095 daAuts
     D:3: 989 daAuts
     D:4: 593 daAuts
   Sewer: 144 daAuts
